SR
GERMANTOWN URUGUAYANS @ FRANKLIN FIRE
07/12/2034
 
TOP OF THE 1ST
Germantown Uruguayans batting - Pitching for Franklin Fire : RHP Marvin Wilson
Pitching: RHP Marvin Wilson
Batting: LHB Rafael Barrueco 0-0: Ball
1-0: Called Strike
1-1: Ball
2-1: Called Strike
2-2: Strikes out swinging
Batting: RHB Manuel Vallejo 0-0: Ball
1-0: Foul Ball, location: 2F
1-1: Ball
2-1: Foul Ball, location: 2F
2-2: TRIPLE (Groundball, 5L)
Batting: RHB Jurgen Flurgenburgen 0-0: Ball
1-0: Ball
2-0: Ground out 6-3 (Groundball, 6)
Manuel Vallejo scores
Batting: RHB José Ortega 0-0: Called Strike
0-1: Foul Ball, location: 2F
0-2: SINGLE (Groundball, 34D)
Batting: RHB Mike Marshall 0-0: Foul Ball, location: 2F
0-1: Ground out 4-3 (Groundball, 4)
Top of the 1st over - 1 run, 2 hits, 0 errors, 1 left on base; Germantown 1 - Franklin 0
BOTTOM OF THE 1ST
Franklin Fire batting - Pitching for Germantown Uruguayans : LHP Armando Álvarez
Pitching: LHP Armando Álvarez
Batting: RHB Dan Lewis 0-0: Ball
1-0: Ball
2-0: Foul Ball, location: 2F
2-1: Swinging Strike
2-2: Fly out, F6 (Popup, 6M)
Batting: LHB Wilson Hernández 0-0: Ball
1-0: Bunted foul
1-1: Ball
2-1: Fly out, F8 (Flyball, 78M)
Batting: LHB Ánibal Leobardo 0-0: Ball
1-0: Ground out 6-3 (Groundball, 6M)
Bottom of the 1st over - 0 runs, 0 hits, 0 errors, 0 left on base; Germantown 1 - Franklin 0
TOP OF THE 2ND
Germantown Uruguayans batting - Pitching for Franklin Fire : RHP Marvin Wilson
Batting: RHB Adam Wiltern 0-0: Called Strike
0-1: Bunted foul
0-2: Strikes out swinging
Batting: SHB Obke Preesman 0-0: Ball
1-0: SINGLE (Groundball, 3D)
Batting: LHB Reynaldo Pérez 0-0: Fielders Choice at 2nd, 4-6 (Groundball, 34)
Batting: RHB Luis González 0-0: Called Strike
0-1: Ball
1-1: Called Strike
1-2: Ball
2-2: Foul Ball, location: 2F
2-2: Strikes out swinging
Top of the 2nd over - 0 runs, 1 hit, 0 errors, 1 left on base; Germantown 1 - Franklin 0
BOTTOM OF THE 2ND
Franklin Fire batting - Pitching for Germantown Uruguayans : LHP Armando Álvarez
Batting: SHB Govaart Baars 0-0: Swinging Strike
0-1: Called Strike
0-2: Strikes out swinging
Batting: RHB Ricardo Cardona 0-0: Ball
1-0: Ball
2-0: Called Strike
2-1: Foul Ball, location: 2F
2-2: Ball
3-2: Fly out, F7 (Flyball, 7)
Batting: RHB Thomas Flyer 0-0: Ball
1-0: Called Strike
1-1: Fly out, F8 (Flyball, 8RS)
Bottom of the 2nd over - 0 runs, 0 hits, 0 errors, 0 left on base; Germantown 1 - Franklin 0
TOP OF THE 3RD
Germantown Uruguayans batting - Pitching for Franklin Fire : RHP Marvin Wilson
Batting: LHB Rafael Barrueco 0-0: Called Strike
0-1: Foul Ball, location: 2F
0-2: Ball
1-2: Ball
2-2: Ball
3-2: Fly out, F9 (Flyball, 9)
Batting: RHB Manuel Vallejo 0-0: Called Strike
0-1: Ball
1-1: Foul Ball, location: 2F
1-2: Ball
2-2: Foul Ball, location: 2F
2-2: Ball
3-2: Base on Balls
Batting: RHB Jurgen Flurgenburgen 0-0: Ball
1-0: Ball
Manuel Vallejo is caught stealing 2nd base
2-0: Called Strike
2-1: Ball
3-1: Ground out 6-3 (Groundball, 56)
Top of the 3rd over - 0 runs, 0 hits, 0 errors, 0 left on base; Germantown 1 - Franklin 0
BOTTOM OF THE 3RD
Franklin Fire batting - Pitching for Germantown Uruguayans : LHP Armando Álvarez
Batting: RHB John Billings 0-0: Ball
1-0: Ball
2-0: Foul Ball, location: 2F
2-1: Ball
3-1: Called Strike
3-2: Base on Balls
Batting: LHB Tareef Ashraf 0-0: Foul Ball, location: 2F
0-1: Fly out, F7 (Flyball, 7D)
Batting: RHB Rubén Plumey 0-0: Ball
1-0: Called Strike
1-1: Foul Ball, location: 2F
1-2: Foul Ball, location: 2F
1-2: Strikes out swinging
Batting: RHB Dan Lewis 0-0: Foul Ball, location: 2F
0-1: Called Strike
0-2: Foul Ball, location: 2F
0-2: Ball
1-2: Foul Ball, location: 2F
1-2: Strikes out swinging
Bottom of the 3rd over - 0 runs, 0 hits, 0 errors, 1 left on base; Germantown 1 - Franklin 0
TOP OF THE 4TH
Germantown Uruguayans batting - Pitching for Franklin Fire : RHP Marvin Wilson
Batting: RHB José Ortega 0-0: Ball
1-0: Called Strike
1-1: Called Strike
1-2: SINGLE (Groundball, 56D)
Batting: RHB Mike Marshall 0-0: Called Strike
0-1: Ball
1-1: Ball
2-1: Ball
3-1: Called Strike
3-2: Strikes out swinging
Batting: RHB Adam Wiltern 0-0: Fly out, F8 (Flyball, 78D)
Batting: SHB Obke Preesman 0-0: Called Strike
0-1: Ground out 6-3 (Groundball, 6M)
Top of the 4th over - 0 runs, 1 hit, 0 errors, 1 left on base; Germantown 1 - Franklin 0
BOTTOM OF THE 4TH
Franklin Fire batting - Pitching for Germantown Uruguayans : LHP Armando Álvarez
Batting: LHB Wilson Hernández 0-0: Called Strike
0-1: Ball
1-1: Foul Ball, location: 2F
1-2: Foul Ball, location: 2F
1-2: Foul Ball, location: 2F
1-2: Ball
2-2: Foul Ball, location: 2F
2-2: Ball
3-2: Fly out, F9 (Flyball, 9)
Batting: LHB Ánibal Leobardo 0-0: Ball
1-0: Foul Ball, location: 2F
1-1: Ball
2-1: Ball
3-1: Foul Ball, location: 2F
3-2: Ground out 6-3 (Groundball, 6)
Batting: SHB Govaart Baars 0-0: Called Strike
0-1: Ground out 4-3 (Groundball, 34)
Bottom of the 4th over - 0 runs, 0 hits, 0 errors, 0 left on base; Germantown 1 - Franklin 0
TOP OF THE 5TH
Germantown Uruguayans batting - Pitching for Franklin Fire : RHP Marvin Wilson
Batting: LHB Reynaldo Pérez 0-0: Ground out 6-3 (Groundball, 6)
Batting: RHB Luis González 0-0: Ball
1-0: Ground out 6-3 (Groundball, 6)
Batting: LHB Rafael Barrueco 0-0: SINGLE (Flyball, 89M)
Batting: RHB Manuel Vallejo 0-0: Ball
1-0: Called Strike
Rafael Barrueco steals 2nd base
1-1: Ball
2-1: Foul Ball, location: 2F
2-2: Strikes out swinging
Top of the 5th over - 0 runs, 1 hit, 0 errors, 1 left on base; Germantown 1 - Franklin 0
BOTTOM OF THE 5TH
Franklin Fire batting - Pitching for Germantown Uruguayans : LHP Armando Álvarez
Batting: RHB Ricardo Cardona 0-0: Ball
1-0: Fly out, F9 (Flyball, 9S)
Batting: RHB Thomas Flyer 0-0: Swinging Strike
0-1: Swinging Strike
0-2: Strikes out looking
Batting: RHB John Billings 0-0: Swinging Strike
0-1: Swinging Strike
0-2: Ball
1-2: Ball
2-2: Fly out, F9 (Flyball, 9LD)
Bottom of the 5th over - 0 runs, 0 hits, 0 errors, 0 left on base; Germantown 1 - Franklin 0
TOP OF THE 6TH
Germantown Uruguayans batting - Pitching for Franklin Fire : RHP Marvin Wilson
Batting: RHB Jurgen Flurgenburgen 0-0: Foul Ball, location: 2F
0-1: Ball
1-1: Ground out 6-3 (Groundball, 6)
Batting: RHB José Ortega 0-0: Swinging Strike
0-1: Fly out, F6 (Popup, 6)
Batting: RHB Mike Marshall 0-0: Called Strike
0-1: Foul Ball, location: 2F
0-2: Fly out, F8 (Flyball, 89S)
Top of the 6th over - 0 runs, 0 hits, 0 errors, 0 left on base; Germantown 1 - Franklin 0
BOTTOM OF THE 6TH
Franklin Fire batting - Pitching for Germantown Uruguayans : LHP Armando Álvarez
Batting: LHB Tareef Ashraf 0-0: Ball
1-0: Ball
2-0: Called Strike
2-1: SINGLE (Line Drive, 4MD)
Batting: RHB Rubén Plumey 0-0: Called Strike
0-1: Foul Ball, location: 2F
0-2: Strikes out looking
Batting: RHB Dan Lewis 0-0: Called Strike
0-1: Foul Ball, location: 2F
0-2: Ball
1-2: Hit by Pitch
Tareef Ashraf to second
Batting: LHB Wilson Hernández 0-0: Fly out, F8 (Flyball, 8RD)
Batting: LHB Ánibal Leobardo 0-0: Called Strike
0-1: Ball
1-1: Ball
2-1: Ball
3-1: Fly out, F8 (Flyball, 8RD)
Bottom of the 6th over - 0 runs, 1 hit, 0 errors, 2 left on base; Germantown 1 - Franklin 0
TOP OF THE 7TH
Germantown Uruguayans batting - Pitching for Franklin Fire : RHP Marvin Wilson
Batting: RHB Adam Wiltern 0-0: Foul Ball, location: 2F
0-1: Ground out 5-3 (Groundball, 56S)
Batting: SHB Obke Preesman 0-0: Ball
1-0: Foul Ball, location: 2F
1-1: Called Strike
1-2: Foul Ball, location: 2F
1-2: Ball
2-2: Foul Ball, location: 2F
2-2: Fly out, F9 (Flyball, 9LM)
Batting: LHB Reynaldo Pérez 0-0: Called Strike
0-1: Ball
1-1: Foul Ball, location: 2F
1-2: Ball
2-2: Fly out, F8 (Flyball, 8LM)
Top of the 7th over - 0 runs, 0 hits, 0 errors, 0 left on base; Germantown 1 - Franklin 0
BOTTOM OF THE 7TH
Franklin Fire batting - Pitching for Germantown Uruguayans : LHP François Boyer
Pitching: LHP François Boyer
Batting: SHB Govaart Baars 0-0: Ball
1-0: Swinging Strike
1-1: Foul Ball, location: 2F
1-2: Foul Ball, location: 2F
1-2: Ball
2-2: Strikes out looking
Batting: RHB Ricardo Cardona 0-0: Ball
1-0: SINGLE (Flyball, 89S)
Batting: RHB Thomas Flyer 0-0: Ball
1-0: Foul Ball, location: 2F
1-1: Called Strike
1-2: DOUBLE (Flyball, 78D)
Ricardo Cardona to third
Runner from 3rd tries for Home, SAFE, no throw
Batting: RHB John Billings 0-0: Intentional Walk
Batting: LHB Tareef Ashraf 0-0: Swinging Strike
0-1: Ball
1-1: Foul Ball, location: 2F
1-2: Foul Ball, location: 2F
1-2: Foul Ball, location: 2F
1-2: Ball
2-2: Foul Ball, location: 2F
2-2: Strikes out swinging
Pinch Hitting: RHB Richard Theunen 0-0: Called Strike
0-1: Ball
1-1: Foul Ball, location: 2F
1-2: Strikes out swinging
Bottom of the 7th over - 1 run, 2 hits, 0 errors, 2 left on base; Germantown 1 - Franklin 1
TOP OF THE 8TH
Germantown Uruguayans batting - Pitching for Franklin Fire : RHP Marvin Wilson
Now at 2B: Richard Theunen
Batting: RHB Luis González 0-0: Foul Ball, location: 2F
0-1: SINGLE (Groundball, 4D)
Batting: LHB Rafael Barrueco 0-0: Called Strike
0-1: Ball
1-1: Foul Ball, location: 2F
1-2: Ball
2-2: Ball
3-2: Fly out, F8 (Line Drive, 8RM)
Batting: RHB Manuel Vallejo
Pinch Hitting: LHB Masamune Ueda 0-0: Called Strike
0-1: Foul Ball, location: 2F
0-2: Foul Ball, location: 2F
0-2: Strikes out swinging
Batting: RHB Jurgen Flurgenburgen 0-0: Ball
1-0: Ball
2-0: Called Strike
2-1: Foul Ball, location: 2F
2-2: Fly out, F3 (Popup, 3SF)
Top of the 8th over - 0 runs, 1 hit, 0 errors, 1 left on base; Germantown 1 - Franklin 1
BOTTOM OF THE 8TH
Franklin Fire batting - Pitching for Germantown Uruguayans : LHP François Boyer
Now in CF: Masamune Ueda
Batting: RHB Dan Lewis 0-0: Ball
1-0: Foul Ball, location: 2F
1-1: Swinging Strike
1-2: Ball
2-2: Foul Ball, location: 2F
2-2: Foul Ball, location: 2F
2-2: Ball
3-2: Ground out 5-3 (Groundball, 56S)
Batting: LHB Wilson Hernández 0-0: Called Strike
0-1: Foul Ball, location: 2F
0-2: Ball
1-2: Ball
2-2: Fly out, F7 (Line Drive, 7LS)
Batting: LHB Ánibal Leobardo 0-0: Foul Ball, location: 2F
0-1: Ball
1-1: Foul Ball, location: 2F
1-2: Foul Ball, location: 2F
1-2: DOUBLE (Line Drive, 7LD)
Batting: SHB Govaart Baars 0-0: Called Strike
0-1: Ball
1-1: SINGLE (Groundball, 5L) (infield hit)
Ánibal Leobardo to third
Batting: RHB Ricardo Cardona 0-0: Ball
1-0: Ball
2-0: Fielders Choice at 2nd, 6-4 (Groundball, 6)
Bottom of the 8th over - 0 runs, 2 hits, 0 errors, 2 left on base; Germantown 1 - Franklin 1
TOP OF THE 9TH
Germantown Uruguayans batting - Pitching for Franklin Fire : RHP Marvin Wilson
Batting: RHB José Ortega 0-0: Called Strike
0-1: Ball
1-1: Fly out, F7 (Flyball, 7S)
Batting: RHB Mike Marshall 0-0: Ball
1-0: Fly out, F3 (Popup, 3F)
Batting: RHB Adam Wiltern 0-0: Foul Ball, location: 2F
0-1: Ball
1-1: Ball
2-1: SINGLE (Line Drive, 34D)
Pinch Hitting: RHB Scipione Borghese 0-0: Ball
Adam Wiltern is caught stealing 2nd base
Top of the 9th over - 0 runs, 1 hit, 0 errors, 0 left on base; Germantown 1 - Franklin 1
BOTTOM OF THE 9TH
Franklin Fire batting - Pitching for Germantown Uruguayans : LHP François Boyer
Pitching: RHP Okura Yamasaki
Now in LF: Scipione Borghese
Batting: RHB Thomas Flyer 0-0: Ball
1-0: Ball
2-0: SINGLE (Groundball, 6MD)
Pinch Runner at 1st Ling-lai Ding:
Pinch Hitting: LHB Rick Newell 0-0: Ball
1-0: Ball
2-0: Foul Ball, location: 2F
2-1: Called Strike
2-2: Foul Ball, location: 2F
2-2: Ball
3-2: Fly out, F9 (Flyball, 89M)
Batting: LHB Tareef Ashraf 0-0: Called Strike
0-1: Ball
1-1: Ball
Pickoff Throw to First - Error! E1
Ling-lai Ding to second
2-1: Fly out, F8 (Flyball, 8RD)
Batting: RHB Richard Theunen 0-0: Foul Ball, location: 2F
0-1: Ball
1-1: Ball
2-1: Called Strike
2-2: Ball
3-2: Strikes out swinging
Bottom of the 9th over - 0 runs, 1 hit, 1 error, 1 left on base; Germantown 1 - Franklin 1
TOP OF THE 10TH
Germantown Uruguayans batting - Pitching for Franklin Fire : RHP Marvin Wilson
Now in LF: Rick Newell
Batting: RHB Scipione Borghese 0-0: Ball
1-0: Ball
2-0: Foul Ball, location: 2F
2-1: Called Strike
2-2: Foul Ball, location: 2F
2-2: Strikes out swinging
Batting: LHB Reynaldo Pérez 0-0: Ball
1-0: SINGLE (Line Drive, 34D)
Pinch Hitting: RHB Sasha Orlovsky 0-0: Called Strike
0-1: Called Strike
0-2: Ball
1-2: Fly out, F6 (Line Drive, 6M)
Batting: LHB Rafael Barrueco 0-0: Fly out, F8 (Flyball, 8LS)
Top of the 10th over - 0 runs, 1 hit, 0 errors, 1 left on base; Germantown 1 - Franklin 1
BOTTOM OF THE 10TH
Franklin Fire batting - Pitching for Germantown Uruguayans : RHP Okura Yamasaki
Now at C: Aleksandr Lelyuk
Batting: RHB Dan Lewis 0-0: Foul Ball, location: 2F
0-1: Ball
1-1: Swinging Strike
1-2: Ball
2-2: Fly out, F9 (Flyball, 89M)
Batting: LHB Wilson Hernández 0-0: Ball
1-0: Called Strike
1-1: Foul Ball, location: 2F
1-2: Strikes out looking
Batting: LHB Ánibal Leobardo 0-0: Ball
1-0: Called Strike
1-1: Foul Ball, location: 2F
1-2: Ball
2-2: Ball
3-2: Base on Balls
Batting: SHB Govaart Baars 0-0: Ball
Ánibal Leobardo is caught stealing 2nd base
Bottom of the 10th over - 0 runs, 0 hits, 0 errors, 0 left on base; Germantown 1 - Franklin 1
TOP OF THE 11TH
Germantown Uruguayans batting - Pitching for Franklin Fire : RHP Marvin Wilson
Batting: LHB Masamune Ueda 0-0: Called Strike
0-1: Ball
1-1: DOUBLE (Line Drive, 9LM)
Batting: RHB Jurgen Flurgenburgen 0-0: Foul Ball, location: 2F
0-1: Ball
1-1: Foul Ball, location: 2F
1-2: Fly out, F7 (Flyball, 7LMF)
Batting: RHB José Ortega 0-0: Intentional Walk
Batting: RHB Mike Marshall 0-0: Called Strike
0-1: Ball
1-1: Foul Ball, location: 2F
1-2: Foul Ball, location: 2F
1-2: Foul Ball, location: 2F
1-2: Grounds into double play, 4-6-3 (Groundball, 4M)
Top of the 11th over - 0 runs, 1 hit, 0 errors, 1 left on base; Germantown 1 - Franklin 1
BOTTOM OF THE 11TH
Franklin Fire batting - Pitching for Germantown Uruguayans : RHP Okura Yamasaki
Pitching: LHP Robert Karabanov
Batting: SHB Govaart Baars 0-0: Ball
1-0: Foul Ball, location: 2F
1-1: Foul Ball, location: 2F
1-2: Ball
2-2: Strikes out swinging
Batting: RHB Ricardo Cardona 0-0: Ball
1-0: Ball
2-0: SINGLE (Groundball, 56D)
Batting: LHB Ling-lai Ding 0-0: Called Strike
0-1: Called Strike
0-2: Hit by Pitch
Ricardo Cardona to second
Batting: LHB Rick Newell 0-0: Fly out, F2 (Popup, 25F)
Batting: LHB Tareef Ashraf 0-0: Ball
1-0: Fielders Choice at 2nd, 5-4 (Groundball, 56)
Bottom of the 11th over - 0 runs, 1 hit, 0 errors, 2 left on base; Germantown 1 - Franklin 1
TOP OF THE 12TH
Germantown Uruguayans batting - Pitching for Franklin Fire : RHP Marvin Wilson
Batting: RHB Adam Wiltern 0-0: Called Strike
0-1: Fly out, F9 (Flyball, 9)
Batting: RHB Scipione Borghese 0-0: Fly out, F4 (Popup, 23)
Batting: LHB Reynaldo Pérez 0-0: Called Strike
0-1: Ball
1-1: Called Strike
1-2: Ball
2-2: Ball
3-2: Foul Ball, location: 2F
3-2: DOUBLE (Flyball, 8RXD)
Batting: SHB Aleksandr Lelyuk 0-0: Ball
1-0: Called Strike
1-1: Swinging Strike
1-2: Foul Ball, location: 2F
1-2: Foul Ball, location: 2F
1-2: Ball
2-2: Ball
3-2: Foul Ball, location: 2F
3-2: Foul Ball, location: 2F
3-2: Strikes out swinging
Top of the 12th over - 0 runs, 1 hit, 0 errors, 1 left on base; Germantown 1 - Franklin 1
BOTTOM OF THE 12TH
Franklin Fire batting - Pitching for Germantown Uruguayans : LHP Robert Karabanov
Batting: RHB Richard Theunen 0-0: Ball
1-0: Ball
2-0: Foul Ball, location: 2F
2-1: Foul Ball, location: 2F
2-2: SINGLE (Flyball, 56D)
Batting: RHB Dan Lewis 0-0: Bunted foul
0-1: Sac Bunt - play at first, batter OUT! 1-4
Richard Theunen to second
Batting: LHB Wilson Hernández 0-0: Intentional Walk
Batting: LHB Ánibal Leobardo 0-0: Ball
1-0: Ball
2-0: Grounds into double play, 1-6-3 (Groundball, P)
Bottom of the 12th over - 0 runs, 1 hit, 0 errors, 1 left on base; Germantown 1 - Franklin 1
TOP OF THE 13TH
Germantown Uruguayans batting - Pitching for Franklin Fire : RHP Marvin Wilson
Pitching: LHP Kent Maxwell
Batting: LHB Rafael Barrueco 0-0: Called Strike
0-1: Ball
1-1: Ground out 4-3 (Groundball, 4D)
Batting: LHB Masamune Ueda 0-0: Ball
1-0: Foul Ball, location: 2F
1-1: SINGLE (Groundball, 4D)
Batting: RHB Jurgen Flurgenburgen 0-0: Called Strike
0-1: Swinging Strike
0-2: Strikes out looking
Batting: RHB José Ortega 0-0: Fly out, F7 (Line Drive, 7)
Top of the 13th over - 0 runs, 1 hit, 0 errors, 1 left on base; Germantown 1 - Franklin 1
BOTTOM OF THE 13TH
Franklin Fire batting - Pitching for Germantown Uruguayans : LHP Robert Karabanov
Batting: SHB Govaart Baars 0-0: Ball
1-0: Called Strike
1-1: Foul Ball, location: 2F
1-2: Ball
2-2: Ground out 6-3 (Groundball, 6MD)
Batting: RHB Ricardo Cardona 0-0: Ball
1-0: Hit by Pitch
Batting: LHB Ling-lai Ding 0-0: Ball
1-0: Ball
2-0: Ball
3-0: Base on Balls
Ricardo Cardona to second
Batting: LHB Rick Newell 0-0: Ball
1-0: Foul Ball, location: 2F
1-1: Foul Ball, location: 2F
1-2: Ball
2-2: Strikes out swinging
Batting: LHB Tareef Ashraf 0-0: Swinging Strike
0-1: Swinging Strike
0-2: Strikes out looking
Bottom of the 13th over - 0 runs, 0 hits, 0 errors, 2 left on base; Germantown 1 - Franklin 1
TOP OF THE 14TH
Germantown Uruguayans batting - Pitching for Franklin Fire : LHP Kent Maxwell
Batting: RHB Mike Marshall 0-0: Called Strike
0-1: Ball
1-1: Fly out, F9 (Line Drive, 9)
Batting: RHB Adam Wiltern 0-0: Foul Ball, location: 2F
0-1: Ball
1-1: Foul Ball, location: 2F
1-2: Fly out, F7 (Flyball, 7)
Batting: RHB Scipione Borghese 0-0: Ball
1-0: SINGLE (Line Drive, 89S)
Batting: LHB Reynaldo Pérez 0-0: Called Strike
Scipione Borghese is caught stealing 2nd base
Top of the 14th over - 0 runs, 1 hit, 0 errors, 0 left on base; Germantown 1 - Franklin 1
BOTTOM OF THE 14TH
Franklin Fire batting - Pitching for Germantown Uruguayans : LHP Robert Karabanov
Batting: RHB Richard Theunen 0-0: Called Strike
0-1: Swinging Strike
0-2: Fly out, F7 (Flyball, 7)
Batting: RHB Dan Lewis 0-0: Ball
1-0: Ball
2-0: Ball
3-0: Called Strike
3-1: Called Strike
3-2: Foul Ball, location: 2F
3-2: Base on Balls
Batting: LHB Wilson Hernández 0-0: Ball
1-0: Ball
2-0: Foul Ball, location: 2F
2-1: Swinging Strike
2-2: Fielders Choice at 2nd, 1-4 (Groundball, 15S)
Batting: LHB Ánibal Leobardo 0-0: Ball
1-0: Foul Ball, location: 2F
1-1: Ball
Wilson Hernández steals 2nd base
2-1: Called Strike
2-2: Ball
3-2: SINGLE (Groundball, 34) (infield hit)
Wilson Hernández to third
Batting: SHB Govaart Baars 0-0: Called Strike
0-1: Swinging Strike
0-2: Ball
Wild Pitch!
Wilson Hernández scores
Friday, March 29th, 2019 - OOTP Baseball 18.8 Build 76